 Dungeon Crawl Stone Soup version 0.28-a0-533-g9f97627 (webtiles) character file.

Game seed: 7462726281212497079

194 Illumine the Gusty (level 5, -3/27 (28) HPs)
             Began as a Tengu Air Elementalist on Sept 24, 2021.
             Slain by Crazy Yiuf (15 damage)
             ... on level 3 of the Dungeon.
             The game lasted 00:06:20 (4016 turns).

Illumine the Gusty (Tengu Air Elementalist)         Turns: 4016, Time: 00:06:20

HP:   -3/27 (28)    AC:  2    Str:  8    XL:     5   Next: 73%
MP:   5/11          EV: 15    Int: 16    God:
Gold: 132           SH:  0    Dex: 15    Spells: 0/10 levels left

rFire   . . .      SeeInvis .   b - +0 short sword (speed)
rCold   . . .      Faith    .   (no shield)
rNeg    . . .      Spirit   .   a - +0 robe
rPois   .          Reflect  .   (helmet restricted)
rElec   .          Harm     .   (no cloak)
rCorr   .          Rampage  .   (no gloves)
Will    .....                   (boots unavailable)
Stlth   ++........              (no amulet)
HPRegen 0.09/turn               (no ring)
MPRegen 0.12/turn               (no ring)

@: flying quickly and evasively, very slightly contaminated, lightly drained,
quick
A: beak, talons 3, nimble flight
a: no special abilities


You were on level 3 of the Dungeon.
You visited 1 branch of the dungeon, and saw 3 of its levels.

You collected 132 gold pieces.

Inventory:

Hand Weapons
 b - a +0 short sword of speed (weapon)
Armour
 a - a +0 robe (worn)
Jewellery
 c - an amulet of the acrobat
Wands
 h - a wand of flame (11)
Scrolls
 g - a scroll of fog {unknown}
 j - a scroll of immolation {unknown}
 n - a scroll of teleportation {unknown}
Potions
 d - a potion of brilliance {unknown}
 e - 2 potions of heal wounds {unknown}
 f - a potion of haste {unknown}
 i - a potion of lignification {unknown}
 k - a potion of curing {unknown}
 l - a potion of berserk rage {unknown}
 m - a potion of resistance {unknown}


   Skills:
 + Level 0.0 Fighting
 + Level 2.2 Dodging
 - Level 2.0 Stealth
 * Level 3.4 Spellcasting
 + Level 4.1 Conjurations
 + Level 5.6 Air Magic


You couldn't memorise any spells.
You knew the following spells:

 Your Spells              Type           Power      Damage    Failure   Level
a - Shock                 Conj/Air       72%        1d7       2%          1
b - Static Discharge      Conj/Air       18%        N/A       3%          2
c - Swiftness             Air            20%        N/A       5%          3
d - Airstrike             Air            10%        N/A       17%         4

Your spell library contained the following spells:

 Spells                   Type           Power      Damage    Failure   Level
 Animate Skeleton         Necr           4%         N/A       19%         1
 Pain                     Necr           8%         1d4       19%         1
 Vampiric Draining        Necr           1%         2d6       47%         3


Dungeon Overview and Level Annotations

Branches:
Dungeon (3/15)

Altars:

Shops:
D:1 ?

Annotations:
D:3 Crazy Yiuf


Innate Abilities, Weirdness & Mutations

You have a beak for a mouth.
You have claws for feet.
Your magical nature lets you fly swiftly and evasively.


Message History

Crazy Yiuf is moderately wounded.
The zap hits Crazy Yiuf.
Crazy Yiuf is heavily wounded.
Crazy Yiuf grits, "You sing-song mumblescurry!"
Crazy Yiuf barely misses you.
Casting: Shock (safe; 2% risk of failure)
Confirm with . or Enter, or press ? or * to list all spells.
Aiming: Shock (safe; 2% risk of failure)
Press: ? - help, Shift-Dir - straight line You miscast Shock.
You are very lightly contaminated with residual magic.
Nothing appears to happen.
Crazy Yiuf hits you with a +3 quarterstaff of chaos.
You feel drained.
Casting: Shock (safe; 2% risk of failure)
Confirm with . or Enter, or press ? or * to list all spells.
Aiming: Shock (safe; 2% risk of failure)
Press: ? - help, Shift-Dir - straight line The zap hits Crazy Yiuf but does no damage.
Crazy Yiuf is heavily wounded.
The zap hits Crazy Yiuf.
Crazy Yiuf is severely wounded.
Crazy Yiuf hits you with a +3 quarterstaff of chaos!
Crazy Yiuf burns you.
Casting: Shock (safe; 2% risk of failure)
Confirm with . or Enter, or press ? or * to list all spells.
Aiming: Shock (safe; 2% risk of failure)
Press: ? - help, Shift-Dir - straight line The zap misses Crazy Yiuf.
The zap hits Crazy Yiuf.
Crazy Yiuf is almost dead.
Crazy Yiuf closely misses you.
Unknown command.
Casting: Shock (safe; 2% risk of failure)
Confirm with . or Enter, or press ? or * to list all spells.
Aiming: Shock (safe; 2% risk of failure)
Press: ? - help, Shift-Dir - straight line You miscast Shock.
Nothing appears to happen.
Crazy Yiuf hits you with a +3 quarterstaff of chaos!
Ouch! That really hurt!
You die...

...# #.#######.##.# ♣.♣♣ ...#
#............# ♣♣.♣♣ ####
#......##.#### ♣.PP♣♣
######......##.##.# ♣.P..♣
.......#..........# #....#
.......#..........# ##..##
..^......#####..######...#
.................g......##
##.##≈≈.≈≈#..##.@######.####
###.#≈≈≈≈≈≈.####......#.#..#
##≈≈≈≈≈≈≈≈≈≈≈###..###.#.#..#
#≈≈≈≈≈≈≈≈≈≈≈≈≈#.#.......#..#
.#≈≈≈≈≈≈≈≈≈≈≈≈....###.###..#
≈≈≈≈≈≈≈≈≈≈###≈≈#.## #.# #..###
≈≈≈.≈≈≈≈≈≈≈≈≈≈≈≈.####.###....#
≈≈.≈≈≈..8≈...#≈≈..#....##.##.##
≈≈8....<.....≈≈...#.#.........#


You could see Crazy Yiuf.

Vanquished Creatures
  Natasha (thrice) (D:2)
  3 adders (D:2)
  2 worms
  13 dart slugs
  4 orcs (D:3)
  5 bats
  6 endoplasms
  3 giant cockroaches
  3 goblins
  3 hobgoblins
  A quokka (D:1)
  A ball python (D:1)
  10 frilled lizards
  4 kobolds (D:1)
  3 rats
64 creatures vanquished.

Vanquished Creatures (others)
  5 plants (D:1)
5 creatures vanquished.

Grand Total: 69 creatures vanquished

Notes
Turn   | Place    | Note
-------+----------+-------------------------------------------
     0 | D:1      | Illumine the Tengu Air Elementalist began the quest for the
                  | Orb.
     0 | D:1      | Reached XP level 1. HP: 10/10 MP: 4/4
   440 | D:1      | Reached XP level 2. HP: 13/15 MP: 3/6
   920 | D:1      | Found Evem's Magic Scroll Shoppe.
  1116 | D:1      | Learned a level 2 spell: Static Discharge
  1275 | D:2      | Reached XP level 3. HP: 19/19 MP: 5/7
  1279 | D:2      | Learned a level 3 spell: Swiftness
  1348 | D:2      | Noticed an ogre
  2119 | D:2      | Noticed Natasha
  2124 | D:2      | Killed Natasha
  2125 | D:2      | Reached skill level 5 in Air Magic
  2125 | D:2      | Reached XP level 4. HP: 18/24 MP: 4/9
  2332 | D:2      | Noticed Natasha
  2346 | D:2      | Killed Natasha
  2456 | D:2      | Noticed Natasha
  2461 | D:2      | Killed Natasha
  2462 | D:2      | Gained mutation: Your magical nature lets you fly swiftly
                  | and evasively. [Tengu growth]
  2462 | D:2      | Reached XP level 5. HP: 13/28 MP: 4/10
  3392 | D:3      | Learned a level 4 spell: Airstrike
  3392 | D:3      | Found a faded altar of an unknown god.
  3991 | D:3      | Found a runed translucent door.
  3992 | D:3      | Noticed Crazy Yiuf
  4016 | D:3      | Slain by Crazy Yiuf

Illustrated notes

Levels and vault maps discovered:
D:1:      matt_arrival_spirals, layout_basic, serial_shops, shop,
          minmay_lizard_king
D:2:      layout_basic, uniq_natasha
D:3:      kennysheep_slugbush, layout_basic, hellmonk_ecumenical_altar_zigzags,
          minivault_26, minmay_pentangle, uniq_crazy_yiuf_cottage

Skill      XL: |  1  2  3  4  5 |
---------------+----------------+-----
Conjurations   | 2 3 4 |  4.1
Air Magic      | 5 |  5.6
Spellcasting   | 3 |  3.4
Dodging        | |  2.2
Stealth        | |  2.0

Action                   |  1- 3 |  4- 6 || total
-------------------------+-------+-------++-------
Melee: Short sword       |    18 |    15 ||    33
       War axe           |     1 |       ||     1
       Kick              |     1 |     3 ||     4
       Peck              |     1 |       ||     1
 Cast: Shock             |    62 |    82 ||   144
  Use: Scroll            |       |     1 ||     1
Armor: Robe              |     4 |     4 ||     8
Dodge: Dodged            |    13 |    12 ||    25

Table legend: (Time is in decaauts)
 A = Elapsed time spent in this place.
 B = Non-inter-level travel time spent in this place.
 C = Inter-level travel time spent in this place.
 D = Time resting spent in this place.
 E = Time spent auto-exploring this place.
 F = Levels seen in this place.
 G = Mean time per level.
                   A        B        C        D        E       F      G
               +--------+--------+--------+--------+--------+-----+--------+
         Total |   3939 |   3822 |    117 |    884 |   2405 |   3 | 1313.0 |
       Dungeon |   3939 |   3822 |    117 |    884 |   2405 |   3 | 1313.0 |
               +--------+--------+--------+--------+--------+-----+--------+

Top non-repeatable levels by time:
     D:1: 1550 daAuts
     D:3: 1195 daAuts
     D:2: 1194 daAuts
